 Dungeon Crawl Stone Soup version 0.22.1-1-ga44c0e5 (webtiles) character file.

291 mountaindew91 the Gusty (level 6, -12/24 HPs)
             Began as a Felid Air Elementalist on Oct 18, 2018.
             Shot with an arrow by a centaur (15 damage)
             ... on level 6 of the Dungeon.
             The game lasted 00:18:01 (4637 turns).

mountaindew91 the Gusty (Felid Air Elementalist)    Turns: 4637, Time: 00:18:02

Health: -12/24     AC:  2    Str:  4    XL:     6   Next: 10%
Magic:  8/21       EV: 18    Int: 20    God:
Gold:   276        SH:  0    Dex: 17    Spells: 5/12 levels left
                                        Lives:  0   Deaths: 1

rFire    . . .     SeeInvis +   (weapon unavailable)
rCold    . . .     Gourm    .   (shield unavailable)
rNeg     . . .     Faith    .   (armour unavailable)
rPois    .         Spirit   .   (helmet unavailable)
rElec    .         Reflect  .   (cloak unavailable)
rCorr    .         Harm     .   (gloves unavailable)
MR       .....                  (boots unavailable)
Stlth    +++.......             (no amulet)
HPRegen  0.08/turn              q - +2 ring of intelligence
MPRegen  0.17/turn              a - ring of magical power

@: very slightly contaminated, quick
A: very small, no armour, no weapons or thrown items, stealth, claws 1, fangs 3,
see invisible, carnivore, speed 1, shaggy fur 2, slow metabolism 1, sharp paws
a: no special abilities


You were on level 6 of the Dungeon.
You were not hungry.

You visited 1 branch of the dungeon, and saw 6 of its levels.

You collected 276 gold pieces.

Inventory:

Jewellery
 a - a ring of magical power (right paw)
 d - an uncursed ring of positive energy
 q - a +2 ring of intelligence (left paw)
Wands
 g - a wand of enslavement (13)
Scrolls
 e - 3 scrolls of remove curse
 f - a scroll of identify
 h - a scroll of amnesia
 i - 2 scrolls of teleportation
 m - 4 scrolls of magic mapping
Potions
 c - 2 potions of might
 j - a potion of lignification
 k - a potion of heal wounds
 l - a potion of mutation
 n - a potion of flight {unknown}
 o - 2 potions of resistance
 p - 2 potions of curing
 s - a potion of haste {unknown}
Comestibles
 b - 6 rations
 r - 2 chunks of flesh


   Skills:
 + Level 3.1 Dodging
 + Level 3.2 Stealth
 + Level 3.8 Spellcasting
 + Level 3.1 Conjurations
 * Level 1.6 Charms
 + Level 4.4 Air Magic
 * Level 2.3 Evocations


You had 5 spell levels left.
You knew the following spells:

 Your Spells              Type           Power        Failure   Level  Hunger
a - Shock                 Conj/Air       ###.         2%          1    None
b - Swiftness             Chrm/Air       ###.....     5%          2    ##.....
c - Airstrike             Air            ###.......   22%         4    ####...

Your spell library contained the following spells:

 Spells                   Type           Power        Failure   Level  Hunger
 Static Discharge         Conj/Air       ###.....     9%          3    ###....
 Lightning Bolt           Conj/Air       ###.......   58%         5    ######.


Dungeon Overview and Level Annotations

Branches:
Dungeon (6/15)
 Temple: D:4-7

Altars:
Okawaru
Qazlal
Trog
Zin

Shops:
D:4 :

Annotations:
D:3 1 runed door, peaced01's ghost, amateur MfTm


Innate Abilities, Weirdness & Mutations

You cannot wear armour.
You are incapable of wielding weapons or throwing items.
Your paws allow you to move quietly. (Stealth)
You have sharp claws.
You have razor-sharp teeth.
You have supernaturally acute eyesight. (SInv)
You are carnivorous and can eat meat at any time.
You cover ground quickly.
You are covered in thick fur. (AC +2)
You have a slow metabolism.
Your sharp claws are effective at attacking unaware monsters.


Message History

Aiming: Shock (safe; 2% risk of failure)
Press: ? - help, Shift-Dir - straight line, f - centaur
Aim: a centaur You miscast Shock.
You are very lightly contaminated with residual magic.
Wisps of vapour drift from your paws.
The centaur wields a shortbow.
The centaur shoots an arrow.
The arrow hits you!
Casting: Shock (safe; 2% risk of failure)
Confirm with . or Enter, or press ? or * to list all spells.
Aiming: Shock (safe; 2% risk of failure)
Press: ? - help, Shift-Dir - straight line, f/p - centaur
Aim: a centaur, wielding a shortbow The zap hits the centaur.
The centaur is moderately wounded.
The centaur shoots an arrow.
The arrow hits you!
* * * LOW HITPOINT WARNING * * *
The centaur shoots an arrow.
The arrow misses you.
The centaur shoots an arrow.
The arrow hits you!
Ouch! That really hurt!
You die...

...................#
........c..........#
.................#.##
#................#..#
#..............##..#
#.............##..#
#...........###..#
#..(.......# ##.#
##.(@....### #.#
######### #.# #.#####
##.#.... #.......
######### #.......
#.......######.......
##.........#..........
#.....................


You could see a centaur.

Vanquished Creatures
  An ogre (D:4)
  A scorpion (D:4)
  A hound (D:6)
  An iguana (D:5)
  3 worker ants
  7 gnolls (D:2)
  5 adders
  A howler monkey skeleton (D:6)
  2 oozes
  An adder skeleton (D:5)
  A worm (D:4)
  3 dart slugs
  2 leopard geckos
  9 orcs
  2 ball pythons
  9 bats
  2 giant cockroaches
  8 goblins
  7 hobgoblins
  2 jackals (D:1)
  3 quokkas
  10 frilled lizards
  7 kobolds
  A leopard gecko zombie (D:5)
  10 rats
99 creatures vanquished.

Notes
Turn   | Place    | Note
-------+----------+-------------------------------------------
     0 | D:1      | mountaindew91 the Felid Air Elementalist began the quest
                  | for the Orb.
     0 | D:1      | Reached XP level 1. HP: 7/7 MP: 4/4
   108 | D:1      | Reached skill level 3 in Air Magic
   110 | D:1      | Reached XP level 2. HP: 11/11 MP: 0/6
   222 | D:1      | Reached skill level 1 in Conjurations
   851 | D:1      | Reached XP level 3. HP: 6/14 MP: 2/7
  1417 | D:2      | Reached XP level 4. HP: 8/18 MP: 0/9
  1596 | D:2      | Learned a level 2 spell: Swiftness
  2031 | D:2      | Reached skill level 1 in Evocations
  2104 | D:2      | Reached XP level 5. HP: 21/21 MP: 0/10
  2248 | D:3      | Learned a level 4 spell: Airstrike
  2312 | D:3      | Found an iron altar of Okawaru.
  2318 | D:3      | Found a stormy altar of Qazlal.
  2323 | D:3      | Found a glowing silver altar of Zin.
  2617 | D:3      | Found a runed door.
  2618 | D:3      | Noticed peaced01's ghost (amateur MfTm)
  2954 | D:4      | Reached skill level 1 in Charms
  2993 | D:4      | Noticed a moth of wrath
  2996 | D:4      | Found a bloodstained altar of Trog.
  3192 | D:4      | Found Cexe's Book Boutique.
  3192 | D:4      | Noticed an ogre
  3232 | D:4      | Killed an ogre
  3232 | D:4      | Reached skill level 4 in Air Magic
  3232 | D:4      | Gained mutation: You are covered in thick fur. (AC +2)
                  | [Felid growth]
  3232 | D:4      | Reached XP level 6. HP: 24/24 MP: 5/12
  3758 | D:5      | Entered Level 5 of the Dungeon
  4009 | D:5      | Shot with an arrow by a centaur
  4010 | D:5      | Reached XP level 5. HP: 0/21 MP: 9/11
  4161 | D:5      | Noticed an ice beast
  4613 | D:6      | Reached XP level 6. HP: 20/24 MP: 6/12
  4637 | D:6      | Shot with an arrow by a centaur

Skill      XL: |  1  2  3  4  5 |
---------------+----------------+-----
Air Magic      | 3 4 |  4.4
Conjurations   | 1 2 3 |  3.1
Dodging        | 3 |  3.1
Evocations     | 1 2 |  2.3
Stealth        | 3 |  3.2
Spellcasting   | 3 |  3.8
Charms         | 1 |  1.6

Action                   |  1- 3 |  4- 6 || total
-------------------------+-------+-------++-------
Melee: Unarmed           |     9 |     4 ||    13
       Bite              |     1 |       ||     1
 Cast: Shock             |    76 |   206 ||   282
       Swiftness         |       |     1 ||     1
  Use: Scroll            |     5 |    10 ||    15
  Eat: Chunk             |     9 |     5 ||    14
Armor: Skin              |       |     2 ||     2
Dodge: Dodged            |    24 |    45 ||    69
